Map: [ESL] Gresvan

Players

SpeCial - Winner!

  • Race: Terran Terran
  • Spawn Location: 11:00

MaSa

  • Race: Terran Terran
  • Spawn Location: 5:00

Event: ESL SC2 Masters 2023 Summer (Regionals)

VOD

Have the link to the VOD?

Description

Time

  • Played on: May 12, 2023, 1:56 p.m.
  • Length: 11:00

All games in this series

Show
View Real Time Build Order
Export as new Build Order

SpeCial Terran - Winner!

Build Orders:  

Get SALT Encoding   

  12  0:00  SCV  
  13  0:14  Supply Depot  
  13  0:18  SCV  
  14  0:36  Barracks  
  14  0:40  Refinery  
  14  0:55  Barracks  
  14  0:59  SCV  
  15  1:11  SCV  
  16  1:25  Orbital Command, Reaper  
  17  1:31  Refinery  
  17  1:42  Reaper  
  18  1:51  SCV  
  19  1:55  Supply Depot  
  19  1:58  Reaper  
  20  2:04  SCV  
  21  2:14  Reaper  
  22  2:16  SCV  
  23  2:28  SCV  
  24  2:31  Factory  
  24  2:35  Reaper  
  25  2:40  SCV  
  26  2:49  Reaper  
  27  2:52  SCV  
  28  3:04  SCV  
  29  3:07  Reaper  
  30  3:16  SCV, Supply Depot  
  30  3:22  Factory Tech Lab  
  30  3:27  Command Center  
  30  3:28  SCV  
  31  3:38  Starport  
  31  3:40  SCV  
  32  3:45  Cyclone  
  34  3:52  SCV  
  34  4:02  Marine  
  34  4:05  Supply Depot  
  34  4:07  SCV  
  35  4:23  Cyclone  
  34  4:26  SCV  
  34  4:29  Starport Tech Lab  
  35  4:36  Command Center  
  35  4:39  SCV  
  36  4:47  Raven  
  38  4:53  SCV  
  38  4:56  Siege Tank  
  42  5:01  Orbital Command  
  42  5:05  SCV  
  42  5:06  Refinery  
  42  5:17  SCV  
  43  5:23  Raven  
  43  5:28  SCV  
  46  5:29  SCV  
  46  5:32  Barracks Reactor  
  47  5:40  SCV  
  47  5:42  SCV  
  49  5:43  Barracks  
  49  5:44  Siege Tank  
  52  5:50  Barracks, Orbital Command  
  52  5:52  SCV  
  52  5:54  SCV  
  54  6:03  Raven  
  56  6:04  SCV  
  56  6:05  Supply Depot  
  56  6:06  SCV  
  56  6:09  Marine x2  
  60  6:15  SCV  
  60  6:16  SCV  
  60  6:18  SCV  
  60  6:22  Siege Tank  
  63  6:27  SCV, Marine x2  
  63  6:28  SCV  
  63  6:30  SCV  
  66  6:40  SCV x2  
  66  6:42  SCV  
  68  6:52  SCV  
  70  6:54  Supply Depot, Viking  
  70  6:55  Viking  
  70  6:56  Marine x3  
  70  7:00  SCV, Orbital Command  
  77  7:08  Stimpack  
  77  7:15  SCV x2  
  79  7:22  Barracks Reactor  
  79  7:23  Engineering Bay, Barracks Reactor  
  79  7:24  Engineering Bay, Barracks, Marine  
  79  7:25  Refinery  
  79  7:26  Barracks  
  79  7:27  SCV  
  81  7:32  Siege Tank  
  81  7:33  SCV  
  81  7:35  SCV  
  86  7:39  SCV  
  86  7:42  Viking, Marine  
  90  7:48  Viking  
  90  7:49  SCV  
  93  7:54  SCV  
  94  7:59  SCV  
  94  8:00  Marine  
  94  8:04  SCV  
  95  8:13  Marine x4  
  95  8:14  Barracks Reactor x2  
  95  8:15  SCV x2  
  95  8:17  Terran Infantry Armor Level 1, Terran Infantry Weapons Level 1  
  101  8:22  SCV, Marine  
  101  8:29  SCV, Supply Depot x2  
  101  8:31  Marine x4  
  101  8:32  SCV  
  107  8:36  SCV  
  108  8:42  Marine  
  108  8:48  Supply Depot x2  
  108  8:49  Marine  
  108  8:50  Marine x3, Medivac x2  
  108  8:51  SCV, Siege Tank  
  108  8:54  SCV  
  121  8:58  Marine  
  121  8:59  Marine  
  123  9:09  Marine x2  
  103  9:17  Marine x2  
  103  9:19  SCV x3  
  103  9:20  Medivac  
  103  9:23  Marine x3, Siege Tank  
  107  9:27  Marine x2  
  107  9:31  SCV, Medivac  
  110  9:36  Marine x2  
  110  9:37  Marine x2  
  113  9:41  Marine x3  
  113  9:45  Marine x2  
  108  9:49  SCV  
  84  9:53  SCV x2  
  84  9:54  Marine x2  
  84  9:55  Marine x2, Siege Tank  
  84  9:58  Marine  
  84  9:59  Marine x2  
  92  10:02  Marine x2  
  92  10:04  Missile Turret  
  92  10:05  SCV x2  
  96  10:11  Marine  
  96  10:12  Marine  
  96  10:13  Marine  
  96  10:14  Marine  
  99  10:16  SCV, Marine  
  99  10:17  SCV  
  99  10:18  SCV, Marine x2  
  105  10:24  Marine  
  103  10:29  SCV  
  103  10:30  SCV  
  104  10:36  Marine x2  
  104  10:41  Marine  
  109  10:45  SCV x3  
  109  10:47  Supply Depot  
Show
View Real Time Build Order
Export as new Build Order

MaSa Terran 

Build Orders: Liberator Opening 

Get SALT Encoding   

  12  0:00  SCV  
  13  0:12  SCV  
  14  0:17  Supply Depot  
  14  0:24  SCV  
  15  0:39  SCV, Barracks  
  16  0:44  Refinery  
  16  0:48  Refinery  
  16  0:52  SCV  
  18  1:04  SCV  
  18  1:16  SCV  
  19  1:26  Reaper  
  19  1:28  Orbital Command  
  19  1:29  Supply Depot  
  20  1:40  Factory  
  20  1:54  SCV  
  21  1:58  Barracks Reactor  
  21  2:06  SCV, Reaper  
  23  2:15  Bunker  
  23  2:18  SCV  
  24  2:23  Hellion  
  26  2:30  SCV  
  27  2:42  SCV  
  27  2:46  Reaper, Hellion  
  30  2:52  Starport  
  30  2:53  Supply Depot  
  30  2:57  SCV  
  31  3:08  Factory Tech Lab  
  31  3:19  Barracks Reactor  
  31  3:21  SCV  
  31  3:22  Command Center  
  32  3:28  Liberator  
  32  3:33  SCV, Supply Depot  
  36  3:40  Cyclone  
  37  3:49  SCV  
  36  3:56  Supply Depot, Marine x2  
  38  4:03  SCV  
  36  4:20  SCV  
  35  4:24  Factory Tech Lab  
  35  4:25  Raven  
  37  4:32  Command Center  
  37  4:33  SCV  
  38  4:46  SCV  
  38  4:49  Refinery, Siege Tank  
  38  4:52  Marine  
  43  4:53  Marine  
  43  4:58  SCV  
  45  5:04  Raven  
  46  5:10  Orbital Command  
  46  5:13  SCV  
  47  5:17  Marine  
  48  5:23  Siege Tank  
  48  5:25  SCV  
  52  5:35  Refinery  
  52  5:37  SCV  
  52  5:41  SCV  
  54  5:46  Orbital Command  
  54  5:52  Stimpack, Marine  
  54  5:55  Viking  
  57  5:57  Viking  
  57  5:58  SCV  
  60  6:06  SCV  
  60  6:10  Siege Tank  
  64  6:12  SCV  
  64  6:14  SCV  
  66  6:20  Marine  
  66  6:23  SCV  
  68  6:26  SCV  
  68  6:27  Viking  
  68  6:29  SCV  
  69  6:35  SCV  
  69  6:39  Viking  
  72  6:44  Siege Tank  
  75  6:50  SCV  
  75  6:51  SCV  
  77  6:59  SCV, Viking  
  75  7:08  SCV  
  75  7:09  Viking  
  75  7:13  SCV  
  79  7:19  SCV  
  80  7:24  SCV, Engineering Bay x2, Siege Tank  
  80  7:25  Barracks  
  80  7:28  Marine, Orbital Command  
  85  7:34  Barracks  
  85  7:37  Supply Depot  
  85  7:39  SCV  
  85  7:40  Liberator  
  89  7:45  Viking  
  89  7:46  SCV  
  92  7:51  SCV  
  92  7:52  Terran Infantry Weapons Level 1  
  92  8:02  Marine  
  86  8:06  SCV  
  86  8:12  SCV  
  88  8:15  Viking  
  90  8:20  Marine, Siege Tank  
  90  8:25  Terran Infantry Armor Level 1  
  94  8:29  SCV  
  94  8:30  SCV  
  94  8:32  SCV  
  97  8:37  Marine  
  97  8:38  Refinery  
  98  8:42  SCV  
  98  8:44  SCV  
  98  8:47  Barracks Reactor x2  
  98  8:49  Liberator  
  101  8:59  Supply Depot  
  101  9:01  Supply Depot  
  101  9:04  SCV, Marine  
  101  9:07  Liberator  
  100  9:12  SCV  
  84  9:21  Marine  
  82  9:27  Marine x2  
  75  9:39  Marine  
  75  9:40  SCV, Marine x2, Siege Tank  
  75  9:45  Marine  
  81  9:51  SCV  
  81  9:52  SCV  
  62  9:54  Marine  
  62  9:55  SCV  
  62  9:57  Marine x3, Medivac x2  
  68  10:03  Marine  
  69  10:07  SCV x2  
  69  10:08  SCV  
  69  10:10  Barracks  
  72  10:15  Marine  
  72  10:16  Armory  
  72  10:17  Marine x3  
  76  10:23  SCV, Marine, Missile Turret  
  78  10:28  SCV  
  78  10:29  SCV  
  78  10:33  Marine  
  78  10:35  SCV, Marine  
  78  10:46  SCV  
Tags
 
Add a new tag
Caveats
  • Supply blocks, unpowered buildings, or Contaminate may cause inaccurate times.
  • Supply counts are checked every 10 seconds.